cohdb
Replays
Latest Replays
All Replays
Popular Replays
Top Player Replays
Match Explorer
How It Works
Community
CoH3 Stats
Reddit
Sign in to upload your games and track your stats! →
Sign in with Steam
Match 40814203
Unlisted
Match 40814203
Overview
Messages
Build Orders
End
Construct Infanterie Kompanie
Selects Terror Battlegroup
Selects Machine Gun Camouflage
MG 42 Machine Gun Team
Grenadier Squad
Grenadier Squad
Grenadier Squad
Infanterie Officer Quarters
Selects Interrogate
Construct Panzergrenadier Kompanie
Pak 40 Anti-tank Gun Team
Panzergrenadier Squad
Medical Bunker
Panzergrenadier Officer Quarters
Construct Panzer Kompanie
Forward Retreat Point
Pak 40 Anti-tank Gun Team
Panzer IV Medium Tank
FocusFuelOrFaceMyWrath
Valdai
peace
Sailor
StriderRx
Bueno
Fey Mood
一杆大长枪的爹
0
0
Comments
sign in to comment!
No comments posted yet!